 Dungeon Crawl Stone Soup version 0.25.0-1-g7eea58d2a3 (webtiles) character file.

Game seed: 3492336435037981976

96138 gruber the Crack Shot (level 15, -11/129 (130) HPs)
             Began as a Centaur Hunter on June 14, 2020.
             Was a High Priest of Okawaru.
             Mangled by Aizul (15 damage)
             ... on level 2 of the Snake Pit.
             The game lasted 00:56:41 (34195 turns).

gruber the Crack Shot (Centaur Hunter)             Turns: 34195, Time: 00:56:42

HP:   -11/129 (130) AC: 30    Str: 22    XL:     15   Next: 68%
MP:   19/19         EV: 11    Int: 10    God:    Okawaru [*****.]
Gold: 1562          SH:  0    Dex:  9    Spells: 14/14 levels left

rFire    . . .     SeeInvis +   a - +0 longbow
rCold    + + +     Gourm    .   (shield currently unavailable)
rNeg     + . .     Faith    .   F - +2 swamp dragon scales
rPois    +         Spirit   .   L - +2 hat {SInv}
rElec    +         Reflect  .   D - scarf {rC+ rF+}
rCorr    .         Harm     .   Y - +3 pair of gauntlets of War {Slay+5}
MR       +....                  h - +3 centaur barding {Fly}
Stlth    +++.......             E - amulet "Lol Hus" {rElec rN+ Regen+}
HPRegen  0.71/turn              u - ring of protection from cold
MPRegen  0.16/turn              J - ring of the Smoking Lives {Ice +Blink rElec SInv Stlth+}

@: lethally poisoned (-11 -> -28), heroism, flying, very quick
A: large, hooves 3, deformed body, speed 2, tough skin 3
a: Heroism, Finesse, Renounce Religion, Evoke Blink, Stop Flying


You were on level 2 of the Snake Pit.
You worshipped Okawaru.
Okawaru was extremely pleased with you.
You were hungry.

You visited 4 branches of the dungeon, and saw 24 of its levels.
You visited the Abyss 1 time.
You also visited: Gauntlet and Volcano.

You collected 2194 gold pieces.
You spent 632 gold pieces at shops.

Inventory:

Hand Weapons
 a - a +0 longbow (weapon)
 c - the +7 rapier "Spiderbane" {flame, rN+ Str-4 Int+2 Dex+9}
   (Okawaru gifted it to you on level 3 of the Lair of Beasts)

   It has been specially enchanted to burn those struck by it, causing extra
   injury to most foes and up to half again as much damage against particularly
   susceptible opponents.
   It affects your strength (-4).
   It affects your intelligence (+2).
   It affects your dexterity (+9).
   It protects you from negative energy.
 g - the +4 great sword "Kuatout" {vorpal, rC+ Str-2 Int+3}
   (You took it off a minotaur in a Gauntlet)

   It inflicts extra damage upon your enemies.
   It affects your strength (-2).
   It affects your intelligence (+3).
   It protects you from cold.
 W - a +0 triple sword of flaming
Missiles
 d - 521 arrows (quivered)
 l - 7 curare-tipped darts
 O - 11 silver javelins
Armour
 h - a +3 centaur barding of flying (worn)
 D - a scarf of resistance (worn)
 F - +2 swamp dragon scales (worn)
 L - a +2 hat of see invisible (worn)
 Y - the +3 pair of gauntlets of War (worn) {Slay+5}
   (You found it in a volcano)

   It affects your accuracy and damage with ranged weapons and melee attacks
   (+5).
Jewellery
 b - a +4 ring of evasion
 u - a ring of protection from cold (left hand)
 y - an uncursed ring of protection from magic
 A - an uncursed ring of protection from magic
 E - the amulet "Lol Hus" (around neck) {rElec rN+ Regen+}
   (You bought it in a shop on level 5 of the Dungeon)

   [amulet of regeneration]

   It insulates you from electricity.
   It protects you from negative energy.
   It increases your rate of regeneration.
 J - the ring of the Smoking Lives (right hand) {Ice +Blink rElec SInv Stlth+}
   (You found it in a Gauntlet)

   [ring of ice]

   It enhances your ice magic.
   It makes you vulnerable to fire.
   It protects you from cold.
   It insulates you from electricity.
   It lets you see invisible.
   It lets you blink.
   It makes you more stealthy.
 U - a +6 ring of strength {unknown}
Wands
 e - a wand of iceblast (11)
 o - a wand of digging (10)
 v - a wand of clouds (11)
 z - a wand of flame (37)
 K - a wand of polymorph (6)
 N - a wand of acid (16)
 P - a wand of disintegration (10)
 T - a wand of paralysis (17)
Scrolls
 j - a scroll of amnesia
 k - 8 scrolls of remove curse
 q - 5 scrolls of fog
 t - 9 scrolls of teleportation
 x - 3 scrolls of fear
 B - 2 scrolls of immolation
 I - 2 scrolls of random uselessness {unknown}
 M - 2 scrolls of holy word {unknown}
 R - a scroll of vulnerability {unknown}
 S - a scroll of silence {unknown}
 X - 4 scrolls of enchant armour
 Z - 2 scrolls of magic mapping
Potions
 i - 4 potions of brilliance
 m - a potion of stabbing
 n - 7 potions of curing
 p - 3 potions of cancellation
 r - 11 potions of heal wounds
 s - 3 potions of haste
 w - 3 potions of magic
 C - 4 potions of might
 G - 2 potions of berserk rage
 H - 2 potions of ambrosia
 Q - a potion of lignification {unknown}
 V - a potion of invisibility {unknown}
Comestibles
 f - 35 rations


   Skills:
 * Level 11.6(16.6) Fighting
   Level 3.3(8.3) Polearms
 - Level 22.0(27) Bows
 - Level 12.0(17.0) Armour
 - Level 6.1(11.1) Dodging
 - Level 0.4(5.4) Stealth
 - Level 6.1 Invocations


You had 14 spell levels left.
You didn't know any spells.
Your spell library contained the following spells:

 Spells                   Type           Power        Failure   Level  Hunger
 Animate Skeleton         Necr           N/A          45%         1    ##.....
 Apportation              Tloc           #.....       45%         1    ##.....
 Corona                   Hex            #......      45%         1    ##.....
 Foxfire                  Conj/Fire      #...         45%         1    ##.....
 Infusion                 Chrm           #...         45%         1    ##.....
 Pain                     Necr           #...         45%         1    ##.....
 Sandblast                Erth           #.....       45%         1    ##.....
 Summon Butterflies       Summ           #.......     45%         1    ##.....
 Ensorcelled Hibernation  Hex/Ice        #.....       61%         2    ###....
 Passwall                 Tmut/Erth      #.......     61%         2    ###....
 Shroud of Golubria       Chrm/Tloc      #.....       61%         2    ###....
 Song of Slaying          Chrm           #.......     61%         2    ###....
 Confusing Touch          Hex            #.......     83%         3    ####...
 Dazzling Flash           Conj/Hex       #.....       83%         3    ####...
 Inner Flame              Hex/Fire       #.......     83%         3    ####...
 Lesser Beckoning         Tloc           #.........   83%         3    ####...
 Ozocubu's Armour         Chrm/Ice       #.......     83%         3    ####...
 Recall                   Summ/Tloc      N/A          83%         3    ####...
 Spectral Weapon          Hex/Chrm       #.......     83%         3    ####...
 Spider Form              Tmut/Pois      #.........   83%         3    ####...
 Stone Arrow              Conj/Erth      #.....       83%         3    ####...
 Tukima's Dance           Hex            #.......     83%         3    ####...
 Vampiric Draining        Necr           #.........   83%         3    ####...
 Animate Dead             Necr           N/A          99%         4    #####..
 Cause Fear               Hex            #.........   99%         4    #####..
 Leda's Liquefaction      Hex/Erth       #.........   99%         4    #####..
 Petrify                  Tmut/Erth      #.......     99%         4    #####..
 Sticky Flame             Conj/Fire      #.......     99%         4    #####..
 Agony                    Necr           #.......     100%        5    ######.
 Alistair's Intoxication  Tmut/Pois      #.......     100%        5    ######.
 Aura of Abjuration       Summ           #.........   100%        5    ######.
 Borgnjor's Vile Clutch   Necr/Erth      #.........   100%        5    ######.
 Lee's Rapid Deconstruct  Erth           #.........   100%        5    ######.
 Summon Mana Viper        Hex/Summ       #.......     100%        5    ######.
 Death Channel            Necr           #.........   100%        6    #######
 Hydra Form               Tmut           #.........   100%        6    #######
 Invisibility             Hex            #.......     100%        6    #######
 Simulacrum               Ice/Necr       #.........   100%        6    #######
 Starburst                Conj/Fire      #.........   100%        6    #######
 Statue Form              Tmut/Erth      #........    100%        6    #######
 Dragon Form              Tmut           #.........   100%        7    #######
 Dragon's Call            Summ           #.........   100%        9    #######


Dungeon Overview and Level Annotations

Branches:
Dungeon (15/15)            Temple (0/1) D:4            Lair (6/6) D:8
 Shoals (0/4) Lair:2        Snake (2/4) Lair:3        Slime (0/5) Lair:5
    Orc (1/2) D:9          Vaults (0/5) D:14         Depths (0/5) D:15
Volcano (visited)         Gauntlet (visited)

Altars:
Ashenzari
Cheibriados
Elyvilon
Hepliaklqana
Kikubaaqudgha
Nemelex Xobeh
Okawaru
Ru
Trog
Vehumet
Yredelemnul
Zin
The Shining One
Jiyva

Shops:
D:4 ?   D:5 ==   D:13 [

Annotations:
D:9 3 runed translucent doors, Rayvis's ghost, novice DsGl
Lair:6 1 runed translucent door, hydrownug's ghost, journeyman OgWn
Snake:1 1 transporter
Snake:2 Aizul


Innate Abilities, Weirdness & Mutations

You have hooves in place of feet.
Armour fits poorly on your strangely shaped body.
You cover ground very quickly.
You have extremely tough skin. (AC +3)


Message History

Aizul casts a spell at you. The poison arrow hits you!
You are lethally poisoned!
You partially resist.
* * * LOW HITPOINT WARNING * * *
Unknown command.
Evoke which item? (* to show all) (? for menu, Esc to quit)
Aiming: Corrosive Bolt
Press: ? - help, Shift-Dir - straight line, f/p - naga warrior
Aim: a naga warrior, wielding a +0 battleaxe and wearing a +0 robe (heavily wounded)
The bolt of acid hits Aizul!
Aizul is splashed with acid.
The acid corrodes Aizul!
Aizul is almost dead.
The bolt of acid hits the naga warrior.
The naga warrior is splashed with acid!
The acid corrodes the naga warrior!
The naga warrior is heavily wounded.
* * * LOW HITPOINT WARNING * * *
You feel very sick. Aizul hits you but does no damage. Aizul hits you!
You die...

........# .>#..N.#
......##...##..#....##
#.......##.......#.....#
#.......##.......##..(.# ..
#^......##........#..^.#
#.###.......##.......##...##
##......##..##.......##...##
#.......#........#..##(N.##
#.#.##.........@S(NN(.(##
##..##.............#.###
##.................#.##
#.........(.....###.##
...............## ###
..............##
................
................
................#


You could see Aizul (corroded), a naga warrior (corroded), a naga sharpshooter
and a salamander.

Vanquished Creatures
  Frances (D:13)
  Gastronok (Lair:3)
  A minotaur (Gauntlet)
  Snorg (D:10)
  2 fire dragons
  Fannar (Lair:1)
  Harold (D:9)
  5 hydras
  4 naga warriors
  A centaur warrior (D:14)
  An ice dragon (D:15)
  A vault guard (D:14)
  3 anacondas (Snake:1)
  2 death knights
  A naga sharpshooter (Snake:1)
  A two-headed ogre (D:11)
  5 death yaks (Gauntlet)
  Urug (Lair:1)
  Sonja (Lair:5)
  A deep elf knight (D:14)
  A fire crab (Gauntlet)
  7 skeletal warriors
  2 unseen horrors
  A lindwurm (Volcano)
  Pikel (D:8)
  A necromancer (Gauntlet)
  2 ugly things
  6 cyclopes
  2 deep elf magi (D:15)
  3 mana vipers
  A shining eye (shapeshifter) (Gauntlet)
  4 oklob plants (Lair:5)
  6 manticores
  3 elephants (Lair:5)
  A naga mage (Snake:1)
  A guardian serpent (Snake:1)
  3 centaur zombies
  Joseph (D:10)
  7 spiny frogs
  8 black mambas
  A molten gargoyle (Volcano)
  Maggie (D:6)
  2 gargoyles (D:14)
  A torpor snail (Lair:6)
  2 rime drakes
  6 komodo dragons
  A freezing wraith (D:13)
  4 trolls
  3 meliai (D:15)
  4 hornets
  7 polar bears
  10 blink frogs
  A meliai zombie (D:10)
  6 slime creatures
  4 dream sheep (Lair:6)
  20 hippogriffs
  2 centaur simulacra (D:15)
  8 shadows (Gauntlet)
  13 spriggans (Lair:6)
  2 vampires (D:14)
  5 wraiths
  4 wyverns
  4 basilisks
  41 yaks
  13 fire bats
  2 hungry ghosts
  4 steam dragons
  3 vampire mosquitoes (Lair:3)
  2 wargs
  2 insubstantial wisps (Lair:3)
  9 nagas
  2 hell hounds
  2 acid dragons
  Duvessa (D:6)
  11 water moccasins
  8 porcupines
  A slave (D:8)
  An eye of draining (D:11)
  7 orc warriors
  2 phantoms
  6 sky beasts
  4 black bears
  9 ice beasts
  2 necrophages
  8 boggarts (Lair:6)
  5 ogres
  10 centaurs
  30 wolves
  A big kobold (D:10)
  4 crocodiles
  18 bullfrogs
  Dowan (D:6)
  8 scorpions
  A wyvern skeleton (D:6)
  17 killer bees
  A scorpion (shapeshifter) (D:15)
  3 wights (D:11)
  7 electric eels (D:11)
  4 howler monkeys
  5 lava snakes (Volcano)
  6 crimson imps
  A bullfrog zombie (D:11)
  2 quasits
  8 centaur skeletons
  11 jellies
  2 bullfrog skeletons
  6 hounds
  A gnoll shaman (D:7)
  7 orc priests
  14 orc wizards
  Jessica (D:3)
  Ijyb (D:4)
  6 iguanas
  17 worker ants
  A hound zombie (D:10)
  A howler monkey zombie (D:7)
  A worker ant zombie (D:8)
  3 gnolls (D:3)
  10 adders
  2 white imps (D:15)
  9 oozes
  An adder skeleton (D:4)
  An adder zombie (D:6)
  4 dart slugs
  2 worms
  7 leopard geckos
  46 orcs
  2 ball pythons
  6 giant cockroaches
  8 goblins
  5 hobgoblins
  15 jackals
  6 quokkas
  4 bats
  A frilled lizard (D:1)
  15 kobolds
  A leopard gecko skeleton (D:7)
  4 rats
  A plant (Lair:5)
701 creatures vanquished.

Vanquished Creatures (others)
  A water moccasin (D:8)
  A quokka skeleton (D:4)
  2 fungi (Lair:6)
  6 plants
  5 toadstools (D:1)
15 creatures vanquished.

Grand Total: 716 creatures vanquished

Notes
Turn   | Place    | Note
-------+----------+-------------------------------------------
     0 | D:1      | gruber the Centaur Hunter began the quest for the Orb.
     0 | D:1      | Reached XP level 1. HP: 17/17 MP: 1/1
    33 | D:1      | Reached XP level 2. HP: 18/24 MP: 2/2
    41 | D:1      | Reached skill level 6 in Bows
   850 | D:1      | Reached XP level 3. HP: 23/29 MP: 3/3
  1139 | D:2      | Reached skill level 1 in Polearms
  1505 | D:2      | Found a sparkling altar of Nemelex Xobeh.
  2029 | D:2      | Found a shattered altar of Ashenzari.
  2032 | D:2      | Found an iron altar of Okawaru.
  2037 | D:2      | Became a worshipper of Warmaster Okawaru
  2060 | D:2      | Found a sacrificial altar of Ru.
  2126 | D:3      | Reached XP level 4. HP: 31/36 MP: 4/4
  2512 | D:3      | Reached XP level 5. HP: 35/41 MP: 5/5
  2686 | D:3      | Reached skill level 7 in Bows
  3123 | D:3      | Noticed Jessica
  3129 | D:3      | Killed Jessica
  3227 | D:4      | Found a staircase to the Ecumenical Temple.
  3232 | D:3      | Reached skill level 8 in Bows
  3366 | D:4      | Reached XP level 6. HP: 42/48 MP: 6/6
  3416 | D:4      | Found a radiant altar of Vehumet.
  3425 | D:4      | Found a sparkling altar of Nemelex Xobeh.
  3432 | D:4      | Found Terhaso's Magic Scroll Shop.
  3444 | D:4      | Reached * piety under Okawaru
  3453 | D:4      | Bought a scroll of teleportation for 36 gold pieces
  3453 | D:4      | Bought a scroll of fog for 24 gold pieces
  3453 | D:4      | Bought a scroll of fear for 42 gold pieces
  3766 | D:4      | Reached skill level 9 in Bows
  3977 | D:4      | Noticed Ijyb
  3985 | D:4      | Killed Ijyb
  4252 | D:4      | Reached XP level 7. HP: 7/55 MP: 7/7
  4589 | D:5      | Entered Level 5 of the Dungeon
  4592 | D:5      | Found Fyig's Jewellery Shoppe.
  4637 | D:5      | Reached skill level 10 in Bows
  5267 | D:5      | Found Haozo's Jewellery Emporium.
  5435 | D:5      | Reached skill level 11 in Bows
  5528 | D:5      | Found a glowing golden altar of the Shining One.
  5555 | D:5      | Reached ** piety under Okawaru
  5756 | D:5      | Found a snail-covered altar of Cheibriados.
  5794 | D:5      | Found a basalt altar of Yredelemnul.
  5800 | D:5      | Noticed an angel
  5930 | D:5      | Reached XP level 8. HP: 51/61 MP: 8/8
  6074 | D:5      | Reached skill level 12 in Bows
  6767 | D:6      | Reached skill level 13 in Bows
  7047 | D:6      | Noticed Maggie
  7069 | D:6      | Cast into level 1 of the Abyss (Maggie)
  7103 | Abyss:1  | Noticed an air elemental
  7120 | D:6      | Escaped the Abyss
  7161 | D:6      | Killed Maggie
  7161 | D:6      | Reached *** piety under Okawaru
  7161 | D:6      | Reached skill level 14 in Bows
  7600 | D:6      | Noticed Duvessa
  7600 | D:6      | Noticed Dowan
  7620 | D:6      | Killed Duvessa
  7620 | D:6      | Reached XP level 9. HP: 66/66 MP: 9/9
  7626 | D:6      | Killed Dowan
  7626 | D:6      | Received a gift from Okawaru
  7689 | D:6      | Found a glowing golden altar of the Shining One.
  7852 | D:6      | Found an ancient bone altar of Kikubaaqudgha.
  7942 | D:7      | Found a glowing silver altar of Zin.
  8242 | D:7      | Reached skill level 15 in Bows
  8385 | D:7      | Reached skill level 1 in Armour
  8683 | D:7      | Reached **** piety under Okawaru
  8975 | D:7      | Found a hazy altar of Hepliaklqana.
  8975 | D:7      | Found a bloodstained altar of Trog.
  9136 | D:7      | Received a gift from Okawaru
  9461 | D:7      | Reached skill level 5 in Armour
  9473 | D:7      | Identified the +9 flail "Ojafapn" {drain, Fragile rPois
                  | Dex+3 Stlth+}
  9473 | D:7      | Noticed a death knight
  9725 | D:7      | Killed a death knight
  9725 | D:7      | Received a gift from Okawaru
  9725 | D:7      | Reached XP level 10. HP: 71/72 MP: 10/10
  9856 | D:7      | Reached ***** piety under Okawaru
  9881 | D:7      | Identified the Disquisition on Flamy Stones
 10575 | D:8      | Noticed Pikel
 10587 | D:8      | Killed Pikel
 10812 | D:8      | Received a gift from Okawaru
 11134 | D:8      | Found a staircase to the Lair.
 11164 | D:8      | Reached skill level 5 in Dodging
 11722 | D:9      | Received a gift from Okawaru
 11724 | D:9      | Found a staircase to the Orcish Mines.
 12089 | D:9      | Reached skill level 1 in Invocations
 12160 | D:9      | Found a runed translucent gate.
 12161 | D:9      | Found a runed translucent gate.
 12161 | D:9      | Noticed Rayvis's ghost (novice DsGl)
 12162 | D:9      | Found a runed translucent gate.
 12260 | D:9      | Found a white marble altar of Elyvilon.
 12268 | D:9      | Noticed Harold
 12293 | D:9      | Killed Harold
 12430 | D:9      | Reached XP level 11. HP: 75/78 MP: 13/13
 12547 | D:10     | Entered Level 10 of the Dungeon
 12552 | D:10     | Noticed Joseph
 12776 | Orc:1    | Entered Level 1 of the Orcish Mines
 12788 | Orc:1    | Noticed an orc knight
 12803 | D:9      | Received a gift from Okawaru
 13042 | D:10     | Killed Joseph
 13042 | D:10     | Reached skill level 5 in Invocations
 13400 | D:10     | Received a gift from Okawaru
 14119 | Lair:1   | Entered Level 1 of the Lair of Beasts
 14247 | Lair:1   | Noticed Urug
 14261 | Lair:1   | Killed Urug
 14261 | Lair:1   | Received a gift from Okawaru
 14518 | Lair:1   | Noticed Fannar
 14566 | Lair:1   | Reached skill level 5 in Fighting
 14640 | Lair:1   | Killed Fannar
 14640 | Lair:1   | Received a gift from Okawaru
 14882 | Lair:1   | Received a gift from Okawaru
 15047 | Lair:1   | Received a gift from Okawaru
 15193 | Lair:1   | Received a gift from Okawaru
 15216 | Lair:1   | Got an ichor-stained dagger {god gift}
 15217 | Lair:1   | Identified the +4 dagger of Xiagiel {speed, +Fly Int+4
                  | SInv} (Okawaru gifted it to you on level 1 of the Lair of
                  | Beasts)
 15990 | Lair:2   | Reached XP level 12. HP: 103/103 MP: 16/16
 15995 | Lair:2   | Found a staircase to the Shoals.
 16069 | Lair:2   | Found a dark tunnel.
 16123 | Volcano  | Entered a volcano
 16421 | Volcano  | Reached skill level 10 in Fighting
 17106 | Volcano  | Found a bloodstained altar of Trog.
 17262 | Volcano  | Received a gift from Okawaru
 17277 | Volcano  | Noticed a fire dragon
 17278 | Volcano  | Found the +3 pair of gauntlets of War {Slay+5}
 17727 | Volcano  | Killed a fire dragon
 18259 | Lair:2   | Received a gift from Okawaru
 18730 | Lair:2   | Reached skill level 16 in Bows
 19201 | Lair:3   | Found a staircase to the Snake Pit.
 19277 | Lair:3   | Received a gift from Okawaru
 19281 | Lair:3   | Got a blackened rapier {god gift}
 19282 | Lair:3   | Identified the +7 rapier "Spiderbane" {flame, rN+ Str-4
                  | Int+2 Dex+9} (Okawaru gifted it to you on level 3 of the
                  | Lair of Beasts)
 19641 | Lair:3   | Noticed Gastronok
 19656 | Lair:3   | Killed Gastronok
 19656 | Lair:3   | Reached skill level 17 in Bows
 20202 | Lair:4   | Noticed a seven-headed hydra
 20249 | Lair:4   | Killed a seven-headed hydra
 20249 | Lair:4   | Reached XP level 13. HP: 115/115 MP: 17/17
 20263 | Lair:4   | Received a gift from Okawaru
 20581 | Lair:4   | Received a gift from Okawaru
 20581 | Lair:4   | Reached skill level 18 in Bows
 21320 | Lair:5   | Noticed Sonja
 21333 | Lair:5   | Killed Sonja
 21365 | Lair:5   | Found a runed translucent door.
 21615 | Lair:5   | Reached skill level 19 in Bows
 22578 | Lair:5   | Got a bloodstained short sword
 22579 | Lair:5   | Identified the +4 short sword "Isulasik" {vamp, *Slow
                  | Str+6} (You found it on level 5 of the Lair of Beasts)
 22840 | Lair:5   | Found a viscous altar of Jiyva.
 22842 | Lair:5   | Found a staircase to the Slime Pits.
 22903 | Lair:6   | Entered Level 6 of the Lair of Beasts
 23522 | Lair:6   | Reached skill level 20 in Bows
 23533 | Lair:6   | Received a gift from Okawaru
 23658 | Lair:6   | Received a gift from Okawaru
 23687 | Lair:6   | Noticed hydrownug's ghost (journeyman OgWn)
 23698 | Lair:6   | Reached ****** piety under Okawaru
 23740 | Lair:6   | Found a runed translucent door.
 24228 | Lair:6   | Reached skill level 21 in Bows
 24469 | Lair:6   | Reached XP level 14. HP: 123/123 MP: 18/18
 24640 | Lair:6   | Paralysed by a hornet for 3 turns
 25747 | D:11     | Noticed Snorg
 25880 | D:10     | Killed Snorg
 25880 | D:10     | Received a gift from Okawaru
 26201 | D:5      | Bought the amulet "Lol Hus" {rElec rN+ Regen+} for 530 gold
                  | pieces
 26474 | D:11     | Reached skill level 22 in Bows
 28922 | D:13     | Found Katuni's Armour Shop.
 28922 | D:13     | Noticed Frances
 29507 | D:13     | Received a gift from Okawaru
 29524 | D:13     | Killed Frances
 29894 | D:14     | Received a gift from Okawaru
 30400 | D:14     | Found a gate to the Vaults.
 30486 | D:14     | Received a gift from Okawaru
 30796 | D:14     | Reached XP level 15. HP: 103/129 MP: 19/19
 30810 | D:14     | Reached skill level 10 in Armour
 31230 | D:15     | Entered Level 15 of the Dungeon
 31315 | D:15     | Received a gift from Okawaru
 31413 | D:15     | Found a gate leading to a gauntlet.
 31427 | Gauntlet | Entered a Gauntlet
 31427 | Gauntlet | Found a transporter.
 31443 | Gauntlet | Found a transporter.
 31444 | Gauntlet | Found a transporter.
 31444 | Gauntlet | Found a transporter.
 31450 | Gauntlet | Found a runed translucent gate.
 31450 | Gauntlet | Found a runed translucent gate.
 31450 | Gauntlet | Found a runed translucent gate.
 31452 | Gauntlet | Found a transporter.
 31455 | Gauntlet | Found a transporter.
 31456 | Gauntlet | Found a transporter.
 31467 | Gauntlet | Found a transporter.
 31468 | Gauntlet | Found a transporter.
 31468 | Gauntlet | Found a transporter.
 31476 | Gauntlet | Found a transporter.
 31479 | Gauntlet | Found a transporter.
 31480 | Gauntlet | Found a transporter.
 31491 | Gauntlet | Found a transporter.
 31702 | Gauntlet | Received a gift from Okawaru
 31785 | Gauntlet | Got a transparent pewter ring
 31825 | Gauntlet | Identified the +4 great sword "Kuatout" {vorpal, rC+ Str-2
                  | Int+3}
 31825 | Gauntlet | Identified the +0 plate armour of Wuwabboi {MR+}
 31852 | Gauntlet | Got a fine scale mail
 31863 | Gauntlet | Identified the cursed +1 scale mail of Sloth {Int+5 Dex+4}
                  | (You found it in a Gauntlet)
 31868 | Gauntlet | Identified the Incunabulum of Unstable Boosts
 31871 | Gauntlet | Identified the Compendium of the Miller
 31878 | Gauntlet | Identified the ring of the Smoking Lives {Ice +Blink rElec
                  | SInv Stlth+} (You found it in a Gauntlet)
 32010 | D:15     | Received a gift from Okawaru
 32190 | D:15     | Found a frozen archway.
 32611 | D:15     | Found a staircase to the Depths.
 33191 | Snake:1  | Entered Level 1 of the Snake Pit
 33310 | Snake:1  | Received a gift from Okawaru
 33578 | Snake:1  | Received a gift from Okawaru
 33589 | Snake:1  | Got a pair of warped gloves {god gift}
 33600 | Snake:1  | Identified the -5 pair of gloves of Gehenna {SInv} (Okawaru
                  | gifted it to you on level 1 of the Snake Pit)
 33625 | Snake:1  | Noticed a nagaraja
 33662 | Snake:1  | Noticed a nagaraja
 33670 | Snake:1  | Found a transporter.
 33671 | Snake:1  | Found a radiant altar of Vehumet.
 33674 | Snake:1  | Noticed a nagaraja
 33675 | Snake:1  | Noticed a nagaraja
 34170 | Snake:2  | Noticed Aizul
 34194 | Snake:2  | HP: 6/129 [Aizul/poison arrow (13)]
 34195 | Snake:2  | Mangled by Aizul

Illustrated notes

Levels and vault maps discovered:
D:1:      ldierk_walled_garden, layout_loops_cross
D:2:      layout_basic, grunt_temple_overflow_diamond,
          nemelex_xobeh_ov_fountains_minmay
D:3:      layout_rooms, first_ration, uniq_jessica
D:4:      layout_rooms, fiery_altar_vehumet, lemuel_crystal_altar,
          minmay_temple_entry_gardened_gates, serial_shops, nicolae_shop_trees,
          corner_web_ring, nicolae_underground_beach, uniq_ijyb
D:5:      layout_loops_cross, grunt_temple_overflow_holy_war,
          kennysheep_slug_shrine, serial_shops, shop_statue,
          nicolae_shop_waterfront
D:6:      layout_rooms, marbit_many_paths, serial_glass, glass_columns_a,
          glass_columns_b, glass_columns_c, glass_columns_a, glass_columns_b,
          glass_columns_c, nicolae_tso_carved_into_rock, uniq_duvessa,
          uniq_maggie
D:7:      minmay_the_grid_triangle_9x9_rhombus_full
          [minmay_the_grid_triangle_9x9_warning,
          minmay_the_grid_triangle_9x9_cache,
          minmay_the_grid_triangle_9x9_checkered,
          minmay_the_grid_triangle_9x9_intruding_spiral,
          minmay_the_grid_triangle_9x9_steps,
          minmay_the_grid_triangle_9x9_odd_lines,
          minmay_the_grid_triangle_9x9_zippers_horizontal,
          minmay_the_grid_triangle_9x9_prize_center], layout_cave_pods,
          gammafunk_temple_overflow_elements, lemuel_doored_altar,
          minmay_door_square, minmay_fractal_squares_diagonal_5
D:8:      layout_basic, grunt_lair_entry_orc_guard_hut, uniq_pikel
D:9:      layout_rooms, orc_0_dummy, basic_altar, ebering_ghost_rock_garden,
          hangedman_decor_push, uniq_harold
D:10:     layout_cave_pools, uniq_joseph
D:11:     erik_rubicon_b, layout_basic, hangedman_little_slice_of_home,
          ebering_dispersal_statue_hall, uniq_snorg
D:12:     layout_irregular_city
D:13:     layout_long_grid, serial_shops, shop, uniq_frances
D:14:     layout_loops_ring, david_vaults_5, chequers_serial_rivers_micro_a,
          abandoned_shop
D:15:     grunt_enter_depths_hoard, layout_basic, gauntlet_entry_generic,
          serial_park_square2, serial_ice, serial_ice_h, serial_ice_o,
          serial_ice_a, serial_ice_c, portal_ice_cave_entry_pillars_2
Lair:1:   layout_chaotic_city, uniq_urug, uniq_fannar
Lair:2:   layout_big_grid, shoals_dummy_entry, enter_volcano_1
Lair:3:   layout_regular_city, minmay_snake_entry_guardpost_small, pond,
          uniq_gastronok
Lair:4:   layout_regular_city
Lair:5:   layout_regular_city, slime_altar_2, serial_bayou_pond_d,
          grunt_megastairs_4, minmay_lair_oklob_chamber,
          infiniplex_staircase_pool, uniq_sonja
Lair:6:   minmay_lair_end_enchanted_forest, layout_misc_corridors,
          hellmonk_ghost_happy_afterlife, kilobyte_rumbling_trees
Snake:1:  gammafunk_sealed_library, layout_onion
Snake:2:  layout_onion_interference, uniq_vashnia, uniq_aizul
Orc:1:    cheibrodos_orc_guarddog, layout_caves, basic_altar, serial_shops,
          shop_fountains, shop, shop, shop

Skill      XL: |  1  2  3  4  5  6  7  8  9 10 11 12 13 14 15 |
---------------+----------------------------------------------+-----
Bows           | 6 8 9 11 14 15 17 21 22 | 22.0
Polearms       | 2 3 |  3.3
Armour         | 6 9 12 | 12.0
Dodging        | 6 |  6.1
Invocations    | 3 6 |  6.1
Fighting       | 9 11 | 11.6
Stealth        | |  0.4

Action                   |  1- 3 |  4- 6 |  7- 9 | 10-12 | 13-15 || total
-------------------------+-------+-------+-------+-------+-------++-------
Melee: Short sword       |    51 |    90 |    40 |       |       ||   181
       Kick              |    21 |    16 |    11 |    26 |    20 ||    94
       Spear             |    81 |       |       |       |       ||    81
       Shortbow          |       |       |     1 |       |       ||     1
       Trident           |       |       |       |    75 |       ||    75
       Quarterstaff      |       |       |       |    29 |       ||    29
       Dagger            |       |       |       |    10 |       ||    10
       Rapier            |       |       |       |     4 |    39 ||    43
       Punch             |       |       |       |       |     2 ||     2
 Fire: Shortbow          |     2 |   112 |   456 |   993 |  1405 ||  2968
       Longbow           |       |       |       |       |   338 ||   338
Throw: Javelin           |       |       |       |     1 |       ||     1
Invok: Heroism           |       |       |     3 |    18 |    22 ||    43
       Finesse           |       |       |       |     7 |     3 ||    10
Evoke: Wand              |       |       |       |     3 |     5 ||     8
  Use: Scroll            |     5 |       |     2 |     8 |    13 ||    28
  Eat: Chunk             |     3 |     6 |    13 |    23 |    28 ||    73
       Ration            |       |       |       |     1 |     1 ||     2
Armor: Leather armour    |    43 |    38 |    23 |       |       ||   104
       Swamp dragon scal |       |       |    21 |   154 |   199 ||   374
       Ring mail         |       |       |       |     9 |       ||     9
Dodge: Dodged            |    47 |    61 |    58 |   174 |   229 ||   569
